 Dungeon Crawl Stone Soup version 0.23-a0-446-g036aa52 (webtiles) character file.

15 Lavandula the Chucker (level 2, 0/19 HPs)
             Began as an Octopode Hunter on Nov 19, 2018.
             Slain by a kobold
             ... wielding a +0 club
              (2 damage)
             ... on level 2 of the Dungeon.
             The game lasted 00:01:18 (136 turns).

Lavandula the Chucker (Octopode Hunter)              Turns: 136, Time: 00:01:19

Health: 0/19       AC:  1    Str: 11    XL:     2   Next: 50%
Magic:  2/2        EV: 13    Int: 13    God:
Gold:   0          SH:  0    Dex: 12    Spells: 1/1 levels left

rFire    . . .     SeeInvis .     - Unarmed
rCold    . . .     Gourm    .   (no shield)
rNeg     . . .     Faith    .   (helmet restricted)
rPois    .         Spirit   .   (no amulet)
rElec    .         Reflect  .   (no ring)
rCorr    .         Harm     .   (no ring)
MR       .....                  (no ring)
Stlth    +++.......             (no ring)
HPRegen  0.06/turn              (no ring)
MPRegen  0.08/turn              (no ring)
                                (no ring)
                                (no ring)

@: lethally poisoned (0 -> -2)
A: almost no armour, stealthy swim, amphibious, 8 rings, constrict 8, camouflage
1, gelatinous body 1
a: no special abilities


You were on level 2 of the Dungeon.
You were not hungry.

You visited 1 branch of the dungeon, and saw 2 of its levels.

Inventory:

Missiles
 b - 2 javelins (quivered)
 c - 2 throwing nets
Scrolls
 a - a scroll of identify
Comestibles
 d - a ration


   Skills:
 + Level 2.1 Fighting
 - Level 4.0 Throwing
 - Level 2.0 Dodging
 - Level 1.3 Stealth
 - Level 2.0 Unarmed Combat


You had one spell level left.
You didn't know any spells.
Your spell library was empty.

Dungeon Overview and Level Annotations

Branches:
Dungeon (2/15)

Altars:


Innate Abilities, Weirdness & Mutations

You cannot wear most types of armour.
You are very stealthy in the water. (Stealth+)
You are amphibious.
You can wear up to eight rings at the same time.
You can use your tentacles to constrict eight enemies at once.
Your skin changes colour to match your surroundings (Stealth+).
Your rubbery body absorbs attacks. (AC +1, EV +1)


Message History

The kobold throws a stone.
The stone closely misses you.
You see here a stone.
* * * LOW HITPOINT WARNING * * *
You feel sick.
You aren't carrying any items that you can evoke.
Unknown command.
Throwing (i - inventory. (/) - cycle)
b - 4 javelins (quivered)
Press: ? - help, Shift-Dir - straight line, f - adder
Aim: an adder You throw a javelin.
The javelin barely misses the kobold.
The javelin closely misses the adder.
* * * LOW HITPOINT WARNING * * *
You feel sick.
Throwing (i - inventory. (/) - cycle)
b - 3 javelins (quivered)
Press: ? - help, Shift-Dir - straight line, p - adder You throw a javelin.
The javelin barely misses the kobold.
The javelin hits the adder!
The adder is almost dead.
The kobold hits you with a +0 club.
You die...

# .# #.#
####.# #...##
.....#. ##..#
.# ###@.###.
# #..K..#. .#
###S.#.#K.#.
###(#......
#.(........
###(####...
###)###....
#......S.((
#####†####...


You could see an adder and a kobold.

Vanquished Creatures
  An adder (D:2)
  A goblin (D:2)
  A kobold (D:2)
  A quokka (D:2)
  A bat (D:2)
  A frilled lizard (D:2)
6 creatures vanquished.

Notes
Turn   | Place    | Note
-------+----------+-------------------------------------------
     0 | D:1      | Lavandula the Octopode Hunter began the quest for the Orb.
     0 | D:1      | Reached XP level 1. HP: 14/14 MP: 1/1
   112 | D:2      | Reached skill level 1 in Unarmed Combat
   119 | D:2      | Reached XP level 2. HP: 7/19 MP: 2/2
   136 | D:2      | Slain by a kobold

Vault maps used:
D:1:      matt_arrival_refuge, minmay_split_cup_small
D:2:      minmay_roachtagon

Skill      XL: |  1 |
---------------+----+-----
Unarmed Combat | 2 |  2.0
Fighting       | |  2.1
Throwing       | |  4.0
Dodging        | |  2.0
Stealth        | |  1.3

Action                   || total
-------------------------++-------
Melee: Unarmed           ||    11
       Constrict         ||     3
       Tentacles         ||     1
Throw: Javelin           ||     5
  Use: Scroll            ||     2
 Stab: Sleeping          ||     2
Dodge: Dodged            ||     6

Table legend:
 A = Non-vault XP
 B = Vault XP
 C = Vault XP percentage of total XP
 D = Non-vault monster count
 E = Vault monster count
 F = Vault count percentage of total count
                 A         B        C        D         E       F
            +---------+---------+-------+---------+---------+-------
      Total |      22 |       0 |   0.0 |       6 |       0 |   0.0
            +---------+---------+-------+---------+---------+-------
        D:2 |      22 |       0 |   0.0 |       6 |       0 |   0.0
            +---------+---------+-------+---------+---------+-------
